AoeStats
← equfztf

Arena

505753640Analyzed
4v4 RM · 23d ago on Sep 10, 2026· 44m 55s· 8 players
Game mode
Random Map
Map size
Large (8 player)
Population
200
Speed
Normal
Resources
Standard
Victory
Conquest
Starting age
Dark Age
Ending age
Imperial Age
RankedLock teamsTeams togetherTeam positionsShared explorationLock speedFull tech treeHidden civsTurbo modeCheats
Victory
Defeat
🇩🇪 Lithuanians · Germany
1338
+13
🇩🇪 Goths · Germany
1331
+13
🇩🇪 Persians · Germany
1314
+14
🇩🇪 Ethiopians · Germany
1271
+17
🇦🇹 Bohemians · Austria
1291
-15
🇦🇹 Teutons · Austria
1289
-15
🇵🇦 Persians · Panama
1267
-14
🇦🇷 Mongols · Argentina
1243
-13
iphonze
Katakuri
10:29 Feudal Age
14:13 Castle Age
12:36 Double-Bit Axe
12:42 Horse Collar
14:24 Wheelbarrow
15:16 Bow Saw
25:48 Imperial Age
23:08 Town Watch
23:17 Loom
23:43 Treadmill Crane
25:20 Hand Cart
25:28 Hand Cart
26:32 Chemistry
25:51 Heavy Plow
26:14 Fortified Wall
26:55 Conscription
30:31 Two-Man Saw
31:14 Fletching
31:25 Padded Archer Armor
32:23 Wagenburg Tactics
33:13 Leather Archer Armor
34:45 Ring Archer Armor
34:16 Scale Mail Armor
34:27 Forging
33:42 Pikeman
34:23 Squires
35:06 Arson
35:39 Chain Mail Armor
35:38 Halberdier
38:09 Iron Casting
38:11 Plate Mail Armor
40:31 Bodkin Arrow
Multani
10:45 Feudal Age
15:19 Castle Age
13:33 Double-Bit Axe
14:26 Horse Collar
17:37 Bow Saw
19:47 Heavy Plow
21:36 Wheelbarrow
23:08 Hand Cart
23:33 Gold Mining
25:28 Loom
28:16 Imperial Age
25:59 Scale Mail Armor
26:10 Forging
26:01 Stone Mining
26:21 Scale Barding Armor
29:51 Chain Barding Armor
30:33 Bloodlines
29:44 Cavalier
31:04 Conscription
31:22 Plate Barding Armor
31:22 Iron Casting
31:58 Ironclad
33:18 Pikeman
33:58 Squires
35:08 Blast Furnace
34:09 Scale Mail Armor
35:06 Halberdier
37:16 Chain Mail Armor
39:06 Capped Ram
Berenjena
9:34 Feudal Age
9:50 Loom
10:40 Double-Bit Axe
16:38 Castle Age
15:20 Stone Mining
15:55 Fletching
17:45 Bow Saw
17:27 Horse Collar
21:11 Gold Mining
23:51 Heavy Plow
26:24 Forging
26:14 Scale Mail Armor
26:24 Husbandry
28:22 Padded Archer Armor
29:02 Gold Shaft Mining
30:22 Wheelbarrow
30:28 Wheelbarrow
30:16 Ballistics
30:48 Bodkin Arrow
32:35 Leather Archer Armor
32:55 Thumb Ring
35:28 Imperial Age
34:05 Fortified Wall
37:15 Bracer
36:51 Capped Ram
38:44 Iron Casting
38:09 Scale Mail Armor
38:14 Scale Barding Armor
38:44 Iron Casting
38:10 Scale Mail Armor
38:15 Scale Barding Armor
38:16 Siege Ram
38:20 Elite Mangudai
42:26 Chemistry
40:48 Elite Skirmisher
41:58 Hand Cart
AOVIC
10:27 Feudal Age
14:23 Castle Age
12:39 Double-Bit Axe
13:04 Horse Collar
15:24 Bow Saw
16:12 Bow Saw
21:18 Wheelbarrow
22:20 Hand Cart
24:47 Stone Mining
27:51 Imperial Age
25:15 Gold Mining
25:53 Loom
26:59 Scale Barding Armor
26:46 Town Watch
28:09 Chain Barding Armor
28:43 Husbandry
28:53 Bloodlines
28:55 Forging
29:37 Plate Barding Armor
30:10 Conscription
29:14 Elite War Elephant
30:20 Heavy Plow
31:21 Two-Man Saw
32:42 Coinage
33:23 Iron Casting
33:57 Chemistry
33:18 Ballistics
33:15 Devotion
35:06 Banking
37:21 Caravan
39:04 Blast Furnace
40:59 Fletching
41:10 Padded Archer Armor
42:52 Leather Archer Armor
42:33 Bodkin Arrow
43:41 Murder Holes
45:24 Hoardings
45:03 Masonry
Hugo
7:30 Loom
10:40 Feudal Age
14:46 Castle Age
13:19 Double-Bit Axe
16:26 Horse Collar
19:47 Loom
22:23 Heavy Plow
24:06 Bow Saw
26:54 Wheelbarrow
26:07 Town Watch
30:10 Imperial Age
28:13 Anarchy
28:15 Scale Mail Armor
29:08 Squires
30:00 Hand Cart
30:15 Elite Huskarl
30:59 Town Watch
31:39 Chain Mail Armor
31:23 Pikeman
31:26 Elite Huskarl
32:25 Fletching
33:48 Conscription
33:41 Perfusion
35:32 Halberdier
37:30 Forging
40:16 Iron Casting
39:08 Man-at-Arms
39:33 Long Swordsman
39:55 Two-Handed Swordsman
40:21 Champion
equfztf
11:54 Feudal Age
15:45 Castle Age
13:45 Double-Bit Axe
14:05 Horse Collar
16:59 Bow Saw
20:09 Loom
20:52 Gold Mining
26:25 Stone Mining
28:50 Fletching
29:02 Padded Archer Armor
31:44 Imperial Age
29:15 Crossbowman
30:01 Thumb Ring
31:03 Bodkin Arrow
31:23 Leather Archer Armor
32:45 Ballistics
33:27 Chemistry
32:07 Arbalester
33:39 Bracer
34:10 Ring Archer Armor
37:22 Wheelbarrow
36:33 Town Watch
36:40 Town Watch
42:03 Hand Cart
TheUglyOrc
10:46 Feudal Age
15:24 Castle Age
13:40 Double-Bit Axe
15:25 Light Cavalry
18:57 Wheelbarrow
19:54 Bow Saw
27:07 Scale Barding Armor
27:02 Gold Mining
29:53 Hand Cart
29:52 Bloodlines
29:42 Husbandry
30:07 Chain Barding Armor
32:51 Imperial Age
31:52 Forging
33:21 Iron Casting
33:31 Loom
33:32 Town Watch
33:21 Cavalier
34:38 Plate Barding Armor
36:10 Paladin
39:19 Conscription
39:12 Stone Mining
41:10 Horse Collar
42:05 Caravan
45:17 Town Patrol
Connection lost

Rejoining the realm…

Still unreachable

The connection could not be restored.

Session expired

The server has moved on; the page needs a fresh start.